 Dungeon Crawl Stone Soup version 0.27.1-35-g4d5d836560 (webtiles) character file.

Game seed: 2417799570167920549

1 Delamore the Sneak (level 1, -1/14 HPs)
             Began as an Octopode Brigand on May 16, 2022.
             Slain by a ball python (3 damage)
             ... on level 1 of the Dungeon.
             The game lasted 00:00:10 (26 turns).

Delamore the Sneak (Octopode Brigand)                 Turns: 26, Time: 00:00:11

Health: -1/14      AC:  1    Str: 10    XL:     1   Next: 20%
Magic:  1/1        EV: 12    Int: 13    God:
Gold:   9          SH:  0    Dex: 13    Spells: 0/0 levels left

rFire    . . .     SeeInvis .   a - +2 dagger
rCold    . . .     Faith    .   (no shield)
rNeg     . . .     Spirit   .   (helmet restricted)
rPois    .         Reflect  .   (no amulet)
rElec    .         Harm     .   (no ring)
rCorr    .         Rampage  .   (no ring)
Will     .....                  (no ring)
Stlth    ++++......             (no ring)
HPRegen  0.04/turn              (no ring)
MPRegen  0.07/turn              (no ring)
                                (no ring)
                                (no ring)

@: no status effects
A: almost no armour, amphibious, 8 rings, camouflage 1, gelatinous body 1,
(nimble swimmer 1), tentacles
a: no special abilities


You were on level 1 of the Dungeon.
You visited 1 branch of the dungeon, and saw 1 of its levels.

You collected 9 gold pieces.

Inventory:

Hand Weapons
 a - a +2 dagger (weapon)
Missiles
 b - 8 poisoned darts (quivered)
 c - 2 curare-tipped darts


   Skills:
 - Level 2.0 Fighting
 * Level 2.1 Short Blades
 + Level 2.0 Throwing
 - Level 1.0 Dodging
 - Level 5.3 Stealth


You couldn't memorise any spells.
You didn't know any spells.
Your spell library was empty.

Dungeon Overview and Level Annotations

Branches:
Dungeon (1/15)

Altars:


Innate Abilities, Weirdness & Mutations

You cannot wear most types of armour.
You are amphibious.
You can wear up to eight rings at the same time.
Your skin changes colour to match your surroundings (Stealth+).
Your rubbery body absorbs attacks. (AC +1, EV +1)
((You are camouflaged near water. (Stealth+)))
You have tentacles for arms and can constrict up to eight enemies at once.


Message History

You hit the bat. Your grab misses the bat.
The bat is heavily wounded.
The bat misses you.
The jackal barks!
You hear a bark!
You hear an angry hiss.
The bat hits you but does no damage.
A jackal comes into view.
The bat misses you. The bat closely misses you. The ball python bites you.
The ball python barely misses you.
You completely miss the bat. Your grab misses the bat.
The bat is heavily wounded.
The bat hits you.
A goblin comes into view. It is wielding a +0 dagger.
A ball python comes into view.
The ball python bites you. The ball python barely misses you.
You are too injured to fight recklessly!
You are too injured to fight recklessly!
You are too injured to fight recklessly!
You are too injured to fight recklessly!
There are monsters nearby!
The bat closely misses you.
A giant cockroach comes into view.
The ball python bites you.
* * * LOW HITPOINT WARNING * * *
The ball python grabs you. The ball python constricts you.
* * * LOW HITPOINT WARNING * * *
You escape the ball python's grasp.
The bat closely misses you.
A dart slug comes into view.
The jackal bites you.
* * * LOW HITPOINT WARNING * * *
The jackal misses you. The bat hits you but does no damage.
The goblin shouts!
The bat hits you but does no damage.
There is an open door here.
You hit the bat.
You kill the bat!
You closely miss the ball python. You grab the ball python.
You constrict the ball python.
The ball python escapes!
The ball python bites you.
You die...

##### ## #
##8.8### .#.#
#......###.#.#
#......#.....###
##..8...#........
#8.....S#h....#
#<.....@'h....####
#8......#Sg.......
##..8...#.........
#......#.........
#......#.........
##8.8###.........
##### #.....w...
#####..... .....


You could see a dart slug, 2 jackals, a goblin and 2 ball pythons.

Vanquished Creatures
  A bat (D:1)
1 creature vanquished.

Notes
Turn   | Place    | Note
-------+----------+-------------------------------------------
     0 | D:1      | Delamore the Octopode Brigand began the quest for the Orb.
     0 | D:1      | Reached XP level 1. HP: 14/14 MP: 1/1
    26 | D:1      | Slain by a ball python

Illustrated notes

Levels and vault maps discovered:
D:1:      mrwooster_arrival_statue_3, layout_rooms, dk_noncrumbling_3

Action                   || total
-------------------------++-------
Melee: Dagger            ||     5
       Constrict         ||     1
Armor: Skin              ||     3
Dodge: Dodged            ||    10
